 Dungeon Crawl Stone Soup version 0.27.1-4-g1640c2035a (webtiles) character file.

Game seed: 14666053393403176322

536 Crownlay the Chiller (level 7, -6/76 HPs)
             Began as a Gnoll Ice Elementalist on Oct 31, 2021.
             Mangled by a phantom (8 damage)
             ... on level 4 of the Dungeon.
             The game lasted 00:06:44 (4470 turns).

Crownlay the Chiller (Gnoll Ice Elementalist)       Turns: 4470, Time: 00:06:44

Health: -6/76      AC:  3    Str: 13    XL:     7   Next: 25%
Magic:  24/24      EV: 14    Int: 16    God:
Gold:   284        SH:  0    Dex: 13    Spells: 6/17 levels left

rFire    . . .     SeeInvis .   g - +0 hand axe
rCold    . . .     Faith    .   (no shield)
rNeg     . . .     Spirit   .   a - +0 robe
rPois    .         Reflect  .   (no helmet)
rElec    .         Harm     .   (no cloak)
rCorr    .         Rampage  .   (no gloves)
Will     .....                  m - +0 pair of boots
Stlth    ..........             (no amulet)
HPRegen  0.22/turn              e - ring of magical power
MPRegen  0.19/turn              s - +6 ring of strength

@: berserking, very quick
A: fangs 1, strong nose, distributed training
a: no special abilities


You were on level 4 of the Dungeon.
You visited 2 branches of the dungeon, and saw 5 of its levels.

You collected 284 gold pieces.

Inventory:

Hand Weapons
 g - a +0 hand axe (weapon)
Missiles
 c - 6 javelins
Armour
 a - a +0 robe (worn)
 m - a +0 pair of boots (worn)
Magical Staves
 o - a staff of cold
Jewellery
 e - a ring of magical power (left hand)
 i - a ring of protection from cold
 s - a +6 ring of strength (right hand)
Scrolls
 b - a scroll of enchant weapon {unknown}
 d - a scroll of brand weapon {unknown}
 h - a scroll of enchant armour {unknown}
 l - a scroll of amnesia {unknown}
 n - 3 scrolls of vulnerability
 p - 2 scrolls of identify {unknown}
 r - a scroll of fog {unknown}
 u - a scroll of magic mapping {unknown}
 v - a scroll of noise {unknown}
Potions
 f - a potion of resistance {unknown}
 j - a potion of berserk rage
 k - a potion of flight {unknown}
 q - a potion of curing {unknown}
 t - a potion of heal wounds {unknown}


   Skills:
 + Level 2.3 Fighting
 + Level 2.3 Short Blades
 + Level 2.3 Long Blades
 + Level 2.3 Axes
 + Level 2.3 Maces & Flails
 + Level 2.3 Polearms
 + Level 2.3 Staves
 + Level 2.3 Slings
 + Level 2.3 Bows
 + Level 2.3 Crossbows
 + Level 2.3 Throwing
 + Level 2.3 Armour
 + Level 5.2 Dodging
 + Level 4.8 Stealth
 + Level 2.3 Shields
 + Level 2.3 Unarmed Combat
 + Level 5.5 Spellcasting
 + Level 1.9 Conjurations
 + Level 1.9 Hexes
 + Level 1.9 Summonings
 + Level 1.9 Necromancy
 + Level 1.9 Translocations
 + Level 1.9 Transmutations
 + Level 1.9 Fire Magic
 + Level 7.4 Ice Magic
 + Level 1.9 Air Magic
 + Level 1.9 Earth Magic
 + Level 1.9 Poison Magic
 + Level 2.6 Invocations
 + Level 2.3 Evocations


You had 6 spell levels left.
You knew the following spells:

 Your Spells              Type           Power      Damage    Failure   Level
a - Freeze                Ice            100%       1d11      1%          1
b - Frozen Ramparts       Ice            56%        1d7       1%          3
c - Ozocubu's Armour      Ice            28%        N/A       1%          3
d - Hailstorm             Conj/Ice       19%        3d6       21%         4

Your spell library contained the following spells:

 Spells                   Type           Power      Damage    Failure   Level
 Ensorcelled Hibernation  Hex/Ice        38%        N/A       3%          2
 Corona                   Hex            11%        N/A       6%          1
 Tukima's Dance           Hex            10%        N/A       19%         3
 Alistair's Intoxication  Tmut/Pois      6%         N/A       87%         5
 Borgnjor's Vile Clutch   Necr/Erth      5%         N/A       87%         5
 Eringya's Noxious Bog    Tmut/Pois      5%         N/A       100%        6


Dungeon Overview and Level Annotations

Branches:
Dungeon (4/15)             Temple (1/1) D:4

Altars:
Ashenzari
Cheibriados
Gozag
Kikubaaqudgha
Makhleb
Nemelex Xobeh
Okawaru
Ru
Sif Muna
Vehumet
Wu Jian
Zin
The Shining One

Annotations:
D:4 1 runed translucent door


Innate Abilities, Weirdness & Mutations

You have very sharp teeth.
Your uncanny sense of smell can sniff out nearby items.
Your experience applies equally to all skills.


Message History

The phantom is moderately damaged.
The phantom barely misses you.
You closely miss the phantom.
The phantom is moderately damaged.
The phantom hits you.
The phantom blinks!
You blink.
The phantom closely misses you.
You are too injured to fight recklessly!
You are too injured to fight recklessly!
You are too injured to fight recklessly!
You barely miss the phantom.
The phantom is moderately damaged.
The phantom hits you but does no damage.
You hit the phantom but do no damage.
The phantom is moderately damaged.
The phantom hits you.
The phantom blinks!
You blink.
You hit the phantom.
The phantom is heavily damaged.
The phantom closely misses you.
You closely miss the phantom.
The phantom is heavily damaged.
The phantom hits you!
* * * LOW HITPOINT WARNING * * *
You barely miss the phantom. You bite the phantom.
The phantom is heavily damaged.
The phantom hits you.
* * * LOW HITPOINT WARNING * * *
The phantom blinks!
You blink.
It was a potion of berserk rage.
A red film seems to cover your vision as you go berserk!
You feel yourself moving faster!
You feel mighty! The phantom hits you.
* * * LOW HITPOINT WARNING * * *
The phantom blinks!
You blink.
You closely miss the phantom.
The phantom is heavily damaged.
The phantom hits you.
* * * LOW HITPOINT WARNING * * *
You slash the phantom!
The phantom is severely damaged.
The phantom hits you!
You die...

#################################
............................>....
#############.###################
#..........##### #.#............#
# #.#.####.###.# #.#.####'###.#
#.#.......##.# #.#...@...##.#
#.#....W..##.#
#################'###.#
##.#≈≈≈≈≈≈≈≈≈#.###.# #.#
#..'††≈≈(≈≈≈≈+..##.# #.#
...#≈≈≈≈≈≈≈≈≈#.....# #.#
#################### #.######
#...#.#.# #......# #...#.#.#
######.#


You could see a phantom.

Vanquished Creatures
  The ghost of othur the Chopper, an amateur HOMo (D:4)
  A scorpion (D:4)
  A hound (D:4)
  A jelly (D:4)
  An orc priest (D:3)
  A hound skeleton (D:4)
  4 gnolls (D:3)
  3 adders (D:4)
  4 worms
  4 dart slugs
  10 orcs
  3 bats
  8 endoplasms
  3 giant cockroaches (D:3)
  8 goblins
  6 hobgoblins
  3 jackals (D:2)
  A quokka (D:1)
  5 ball pythons
  6 frilled lizards
  2 kobolds
  9 rats
85 creatures vanquished.

Notes
Turn   | Place    | Note
-------+----------+-------------------------------------------
     0 | D:1      | Crownlay the Gnoll Ice Elementalist began the quest for the
                  | Orb.
     0 | D:1      | Reached XP level 1. HP: 13/13 MP: 6/6
   501 | D:1      | Reached XP level 2. HP: 19/19 MP: 4/7
   544 | D:1      | Found a faded altar of an unknown god.
   927 | D:2      | Reached XP level 3. HP: 23/25 MP: 5/9
   996 | D:2      | Learned a level 3 spell: Frozen Ramparts
  1000 | D:2      | Learned a level 3 spell: Ozocubu's Armour
  1083 | D:2      | Reached skill level 5 in Spellcasting
  1343 | D:2      | Reached skill level 1 in Invocations
  1938 | D:3      | Reached skill level 1 in Fighting
  1938 | D:3      | Reached skill level 1 in Short Blades
  1938 | D:3      | Reached skill level 1 in Long Blades
  1938 | D:3      | Reached skill level 1 in Axes
  1938 | D:3      | Reached skill level 1 in Maces & Flails
  1938 | D:3      | Reached skill level 1 in Polearms
  1938 | D:3      | Reached skill level 1 in Staves
  1938 | D:3      | Reached skill level 1 in Slings
  1938 | D:3      | Reached skill level 1 in Bows
  1938 | D:3      | Reached skill level 1 in Crossbows
  1938 | D:3      | Reached skill level 1 in Throwing
  1938 | D:3      | Reached skill level 1 in Armour
  1938 | D:3      | Reached skill level 1 in Shields
  1938 | D:3      | Reached skill level 1 in Unarmed Combat
  1938 | D:3      | Reached skill level 1 in Evocations
  1941 | D:3      | Reached XP level 4. HP: 32/32 MP: 11/11
  2242 | D:3      | Reached skill level 1 in Conjurations
  2242 | D:3      | Reached skill level 1 in Hexes
  2242 | D:3      | Reached skill level 1 in Summonings
  2242 | D:3      | Reached skill level 1 in Necromancy
  2242 | D:3      | Reached skill level 1 in Translocations
  2242 | D:3      | Reached skill level 1 in Transmutations
  2242 | D:3      | Reached skill level 1 in Fire Magic
  2242 | D:3      | Reached skill level 1 in Air Magic
  2242 | D:3      | Reached skill level 1 in Earth Magic
  2242 | D:3      | Reached skill level 1 in Poison Magic
  2500 | D:3      | Reached XP level 5. HP: 37/37 MP: 12/12
  2630 | D:3      | Learned a level 4 spell: Hailstorm
  2966 | D:4      | Found a staircase to the Ecumenical Temple.
  2972 | Temple   | Entered the Ecumenical Temple
  3850 | D:4      | Reached XP level 6. HP: 44/44 MP: 13/13
  4157 | D:4      | Found a runed translucent door.
  4162 | D:4      | Noticed othur's ghost (amateur HOMo)
  4171 | D:4      | Reached skill level 5 in Dodging
  4175 | D:4      | Killed othur's ghost
  4176 | D:4      | Reached XP level 7. HP: 51/51 MP: 14/15
  4251 | D:4      | Found a runed translucent door.
  4469 | D:4      | HP: 2/76 [phantom (4)]
  4470 | D:4      | Mangled by a phantom

Illustrated notes

Levels and vault maps discovered:
D:1:      minmay_arrival_shattered_statue, layout_basic,
          ebering_ecumenical_altar_webs
D:2:      layout_basic
D:3:      layout_basic
D:4:      minmay_general_purpose_star, layout_basic,
          minmay_temple_entry_nine_rooms, ebering_ghost_sewer_f,
          small_statue_intersection
Temple:   nicolae_temple_figure_eight

Skill      XL: |  1  2  3  4  5  6 |
---------------+-------------------+-----
Spellcasting   | 5 |  5.5
Invocations    | 1 2 |  2.6
Fighting       | 1 2 |  2.3
Short Blades   | 1 2 |  2.3
Long Blades    | 1 2 |  2.3
Axes           | 1 2 |  2.3
Maces & Flails | 1 2 |  2.3
Polearms       | 1 2 |  2.3
Staves         | 1 2 |  2.3
Slings         | 1 2 |  2.3
Bows           | 1 2 |  2.3
Crossbows      | 1 2 |  2.3
Throwing       | 1 2 |  2.3
Armour         | 1 2 |  2.3
Shields        | 1 2 |  2.3
Unarmed Combat | 1 2 |  2.3
Evocations     | 1 2 |  2.3
Conjurations   | 1 |  1.9
Hexes          | 1 |  1.9
Summonings     | 1 |  1.9
Necromancy     | 1 |  1.9
Translocations | 1 |  1.9
Transmutations | 1 |  1.9
Fire Magic     | 1 |  1.9
Air Magic      | 1 |  1.9
Earth Magic    | 1 |  1.9
Poison Magic   | 1 |  1.9
Dodging        | 5 |  5.2
Stealth        | |  4.8
Ice Magic      | |  7.4

Action                   |  1- 3 |  4- 6 |  7- 9 || total
-------------------------+-------+-------+-------++-------
Melee: Unarmed           |     8 |       |       ||     8
       Hand axe          |    31 |       |     9 ||    40
       Bite              |     1 |     2 |     4 ||     7
       Staff             |       |    19 |     8 ||    27
       Punch             |       |     1 |     1 ||     2
Throw: Javelin           |     4 |     5 |       ||     9
 Cast: Freeze            |    27 |    40 |     3 ||    70
       Frozen Ramparts   |     4 |     8 |     1 ||    13
       Ozocubu's Armour  |     2 |     9 |     1 ||    12
       Hailstorm         |       |       |     1 ||     1
  Use: Scroll            |       |     1 |       ||     1
       Potion            |       |       |     1 ||     1
 Stab: Sleeping          |     3 |       |       ||     3
Armor: Robe              |    10 |    16 |     1 ||    27
Dodge: Dodged            |    36 |    32 |     8 ||    76
